[Event "ICC tourney 1953 (60 10)"]
[Site "Internet Chess Club"]
[Date "2020.08.09"]
[Round "8"]
[White "chessmagic22"]
[Black "londonkid"]
[Result "1/2-1/2"]
[ICCResult "Game drawn by mutual agreement"]
[WhiteElo "2228"]
[BlackElo "2125"]
[Opening "French: Burn variation"]
[ECO "C11"]
[NIC "FR.05"]
[Time "15:18:33"]
[TimeControl "3600+10"]

1. e4 e6 2. d4 d5 3. Nc3 Nf6 4. Bg5 dxe4 5. Nxe4 Nbd7 6. Nf3 Be7 7. Nxf6+
Nxf6 8. Bd3 b6 9. Bb5+ Bd7 10. Bxd7+ Nxd7 11. Bxe7 Qxe7 12. O-O O-O 13. Qe2
Nf6 14. Qc4 Rac8 15. Rfe1 Rfd8 16. Rad1 c5 17. Qa4 h6 18. h3 c4 19. c3 Rd5
20. a3 b5 21. Qc2 a5 22. Ne5 Qb7 23. f4 b4 24. axb4 axb4 25. f5 exf5 26.
Qxf5 Rcd8 27. Qf1 bxc3 28. bxc3 Rc8 29. Re3 Qc7 30. Qf5 Re8 31. Rf1 Qc8 32.
Qf2 Rf8 33. Qe2 Re8 34. Rg3 Re6 35. Rf5 Qb8 36. Qf3 Rdd6 37. Nxc4 Qb1+ 38.
Kh2 Re1 39. Rxg7+ Kxg7 40. Nxd6 Rh1+ 41. Kg3 Qe1+ 42. Qf2 Qxc3+ 43. Rf3 Qc1
44. Qe3 Qc7 45. Qe5 Qxd6 46. Qxd6 Ne4+ 47. Kf4 Nxd6 48. Ke5 Ne8 49. Rd3 Re1+
50. Kd5 Kf6 51. Rf3+ Ke7 52. Rf5 Nc7+ 53. Kc4 Re2 54. g4 Ne6 55. d5 Ng5 56.
h4 Nh7 57. d6+ Kxd6 58. Rxf7 Re7 59. Rf5 Re4+ 60. Kd3 Re7 61. Rh5
{Game drawn by mutual agreement}
1/2-1/2

[Event "ICC tourney 1953 (60 10)"]
[Site "Internet Chess Club"]
[Date "2020.08.09"]
[Round "8"]
[White "esrosenberg"]
[Black "LW-PE"]
[Result "1-0"]
[ICCResult "Black resigns"]
[WhiteElo "2212"]
[BlackElo "1533"]
[Opening "King's Indian: 5.Nf3"]
[ECO "E90"]
[NIC "KI.20"]
[Time "15:22:33"]
[TimeControl "3600+10"]

1. Nf3 Nf6 2. c4 g6 3. Nc3 Bg7 4. e4 d6 5. d4 O-O 6. h3 c6 7. Bg5 h6 8. Be3
Qc7 9. Qd2 Kh7 10. e5 Nfd7 11. e6 fxe6 12. Bd3 e5 13. Nh4 Rf6 14. Ne4 Nf8
15. Nxf6+ exf6 16. g4 d5 17. cxd5 cxd5 18. Qc2 Nc6 19. Bxg6+ Kh8 20. O-O-O
e4 21. Bxe4 dxe4 22. d5 Bd7 23. dxc6 Bxc6 24. Kb1 Rc8 25. Nf5 Qe5 26. Qb3
Bd7 27. Nd6 Be6 28. Qxb7 Rc5 29. Bxc5 Qxc5 30. Nf5 Bxf5 31. gxf5 Qxf5 32.
Rhg1 Ne6 33. Qf7 e3+ 34. Ka1 exf2 35. Rd8+ {Black resigns} 1-0

[Event "ICC tourney 1953 (60 10)"]
[Site "Internet Chess Club"]
[Date "2020.08.09"]
[Round "8"]
[White "Rafael"]
[Black "kpthomas"]
[Result "0-1"]
[ICCResult "White resigns"]
[WhiteElo "2194"]
[BlackElo "2166"]
[Opening "Queen's pawn game"]
[ECO "D05"]
[NIC "QP.09"]
[Time "15:19:23"]
[TimeControl "3600+10"]

1. Nf3 d5 2. d4 Nf6 3. e3 e6 4. Ne5 Be7 5. Bd3 O-O 6. f4 b6 7. Nd2 Ba6 8.
Bxa6 Nxa6 9. O-O c5 10. c3 Qc7 11. Qf3 Qb7 12. Qh3 Ne4 13. Rf3 f5 14. Nxe4
dxe4 15. Rg3 Bf6 16. Qh5 Bxe5 17. fxe5 Qf7 18. Qg5 Nc7 19. Bd2 c4 20. Rf1
Nd5 21. Qh4 Rab8 22. Rh3 g6 23. g4 Rb7 24. gxf5 exf5 25. Kh1 Qe6 26. Rg3 Rg7
27. Qh6 Kf7 28. b3 b5 29. Rg5 Rfg8 30. bxc4 bxc4 31. Rb1 Ne7 32. Qh4 Qa6 33.
Bc1 Nd5 34. Qe1 Rc8 35. Bd2 Kg8 36. Qc1 Rb7 37. Rg1 Rcb8 38. Rxb7 Rxb7 39.
Qf1 Qe6 40. Qxc4 Nc7 41. Qxe6+ Nxe6 42. c4 Rb2 43. Rd1 Rxa2 44. Bb4 a5 45.
Be7 Kf7 46. Bh4 g5 47. Bg3 f4 48. exf4 gxf4 49. Bxf4 Nxf4 50. Rf1 e3 51.
Rxf4+ Ke7 52. Rf1 e2 53. Re1 a4 54. d5 a3 55. c5 Rd2 56. d6+ Ke6 57. Kg1 a2
58. c6 Rd1 59. c7 Rxe1+ 60. Kf2 Kd7 61. e6+ Kc8 62. e7 Rf1+ 63. Kxe2 Re1+
64. Kxe1 a1=Q+ {White resigns} 0-1

[Event "ICC tourney 1953 (60 10)"]
[Site "Internet Chess Club"]
[Date "2020.08.09"]
[Round "8"]
[White "jsl1996"]
[Black "GGuseinov"]
[Result "1/2-1/2"]
[ICCResult "Game drawn by repetition"]
[WhiteElo "2625"]
[BlackElo "2712"]
[Opening "King's Indian: Semi-Averbakh system"]
[ECO "E73"]
[NIC "KI.27"]
[Time "15:18:55"]
[TimeControl "3600+10"]

1. d4 Nf6 2. c4 g6 3. Nc3 Bg7 4. e4 d6 5. Be2 O-O 6. Be3 Nc6 7. d5 Ne5 8. f4
Neg4 9. Bd2 Nh6 10. h3 e6 11. dxe6 fxe6 12. g4 b5 13. cxb5 Bb7 14. Qc2 d5
15. O-O-O d4 16. Be3 dxc3 17. Rxd8 Raxd8 18. Qxc3 Nfxg4 19. Qb3 Nxe3 20.
Qxe3 Bd4 21. Qb3 Rxf4 22. Nf3 Bf6 23. Rd1 Rxd1+ 24. Bxd1 Rxe4 25. Qa3 Nf5
26. Qxa7 Rc4+ 27. Kd2 Bxf3 28. Bxf3 Bxb2 29. a4 Nd4 30. Bd1 e5 31. Qa8+ Kg7
32. Qd5 Nb3+ 33. Ke2 Nc1+ 34. Kf3 Rf4+ 35. Kg2 e4 36. a5 Nd3 37. Kg1 Ba3 38.
Be2 Bc5+ 39. Kh1 Nf2+ 40. Kh2 Rf5 41. Qd7+ Kh6 42. Qxc7 e3 43. b6 Ne4 44. b7
Rf2+ 45. Kg1 Nc3 46. b8=Q Nxe2+ 47. Kh1 Rf1+ 48. Kg2 Rf2+ 49. Kh1 Rf1+ 50.
Kg2 Rf2+ 51. Kh1 Rf1+ 52. Kg2 Rf2+ {Game drawn by repetition} 1/2-1/2

[Event "ICC tourney 1953 (60 10)"]
[Site "Internet Chess Club"]
[Date "2020.08.09"]
[Round "8"]
[White "FlyCatcher"]
[Black "tactics321"]
[Result "0-1"]
[ICCResult "White resigns"]
[WhiteElo "2512"]
[BlackElo "2581"]
[Opening "Sicilian defense"]
[ECO "B30"]
[NIC "SI.31"]
[Time "15:19:01"]
[TimeControl "3600+10"]

1. e4 c5 2. Nf3 Nc6 3. c3 Nf6 4. e5 Nd5 5. d4 cxd4 6. cxd4 d6 7. Bc4 Nb6 8.
Bb3 dxe5 9. d5 Na5 10. Nc3 Nxb3 11. Qxb3 g6 12. Nxe5 Bg7 13. Bf4 O-O 14. Rd1
Nd7 15. Nxd7 Qxd7 16. O-O b6 17. Rfe1 Bb7 18. Be5 Bh6 19. Qb4 Rfe8 20. Qh4
Bf8 21. Ne4 Qf5 22. Ng3 Qd7 23. Bc3 Rad8 24. Nh5 Qf5 25. Re5 Qc2 26. Rde1
Rd6 27. h3 Bxd5 28. Rxe7 Rxe7 29. Rxe7 gxh5 30. Qd4 f6 31. Re3 Bxg2 32. Qc4+
Bd5 33. Rg3+ Kf7 34. Qc7+ Be7 35. Rg7+ Kxg7 36. Bxf6+ Rxf6 37. Qxc2 Rg6+ 38.
Kf1 Bg2+ 39. Ke2 Re6+ 40. Kd2 Bb4+ 41. Kd3 Be4+ {White resigns} 0-1

[Event "ICC tourney 1953 (60 10)"]
[Site "Internet Chess Club"]
[Date "2020.08.09"]
[Round "8"]
[White "Qigongmaster"]
[Black "erickzhao"]
[Result "0-1"]
[ICCResult "White resigns"]
[WhiteElo "2198"]
[BlackElo "2275"]
[Opening "Grünfeld: modern exchange variation"]
[ECO "D90"]
[NIC "GI.07"]
[Time "15:18:32"]
[TimeControl "3600+10"]

1. d4 Nf6 2. c4 g6 3. Nc3 d5 4. Nf3 Bg7 5. cxd5 Nxd5 6. e4 Nxc3 7. bxc3 c5
8. Rb1 O-O 9. Be2 Nc6 10. d5 Na5 11. c4 b6 12. O-O e5 13. Bd2 Nb7 14. Bc3
Re8 15. Bd3 Nd6 16. Nd2 f5 17. Re1 f4 18. Bc2 Rf8 19. f3 h5 20. Kh1 g5 21.
Ba4 g4 22. Bc6 Rb8 23. Qe2 Qh4 24. a4 Bf6 25. a5 Kh8 26. axb6 g3 27. Nf1
axb6 28. Ra1 Rf7 29. Ra2 gxh2 30. Rea1 Bb7 31. Ra7 Rg7 32. Bxb7 Rbxb7 33.
Rxb7 Rxb7 34. Ra8+ Kh7 35. Qa2 b5 36. Ra7 b4 37. Bxb4 cxb4 38. c5 Qe1 39.
cxd6 Qxf1+ 40. Kxh2 Qb5 41. Rxb7+ Qxb7 42. Qa4 b3 43. Qc6 Qg7 44. Qb5 Bh4
45. Kg1 Qa7+ 46. Kh2 b2 47. Qxb2 Bg3+ 48. Kh1 Qf2 49. Qxf2 Bxf2 50. Kh2 Kg6
51. Kh3 Kg5 52. d7 Bb6 53. g3 Bd8 54. Kg2 fxg3 55. Kxg3 h4+ 56. Kf2 Kf4 57.
Kg2 Ke3 58. d6 Kf4 59. Kf2 h3 {White resigns} 0-1

[Event "ICC tourney 1953 (60 10)"]
[Site "Internet Chess Club"]
[Date "2020.08.09"]
[Round "8"]
[White "PappusChain923"]
[Black "dopolian"]
[Result "1-0"]
[ICCResult "Black resigns"]
[WhiteElo "2242"]
[BlackElo "2339"]
[Opening "Benoni defense"]
[ECO "A61"]
[NIC "BI.38"]
[Time "15:18:27"]
[TimeControl "3600+10"]

1. d4 Nf6 2. c4 c5 3. d5 e6 4. Nc3 exd5 5. cxd5 d6 6. Nf3 g6 7. Bf4 a6 8. a4
Bg7 9. e3 O-O 10. Be2 Bg4 11. O-O Bxf3 12. Bxf3 Qe7 13. h3 Nbd7 14. Qc2 Ne8
15. Rae1 Nc7 16. Be2 Rab8 17. b4 cxb4 18. Ne4 Ne5 19. Qb3 a5 20. Bg3 Na6 21.
Bxa6 bxa6 22. Rc1 Rfc8 23. Nd2 Nd7 24. Rc6 Nc5 25. Qc4 Rxc6 26. dxc6 Rc8 27.
Qd5 Qe6 28. e4 Nxa4 29. Qxa5 Nc3 30. Qxa6 d5 31. Bd6 dxe4 32. Re1 f5 33. Qb7
Nb5 34. Nc4 Na7 35. Nb6 Re8 36. Qxa7 Qxd6 37. c7 Qc6 38. Qb8 Bd4 39. Qxe8+
Qxe8 40. c8=Q Qxc8 41. Nxc8 Kf7 42. Nd6+ Ke6 43. Nc4 Kd5 44. Nd2 Bc3 45. Rd1
Kd4 46. Nb1+ Kc4 47. Kf1 Kb3 48. Ke2 Be5 49. Rd5 Bf4 50. Nd2+ Kc2 51. Rc5+
Kb2 52. g3 Bg5 53. Nxe4 Be7 54. Re5 Bf8 55. Nd2 Kc3 56. Re8 Bd6 57. Rc8+ Kd4
58. Rd8 Kc5 59. Kd3 {Black resigns} 1-0

[Event "ICC tourney 1953 (60 10)"]
[Site "Internet Chess Club"]
[Date "2020.08.09"]
[Round "8"]
[White "justinchess"]
[Black "SAO"]
[Result "1/2-1/2"]
[ICCResult "Game drawn by repetition"]
[WhiteElo "2398"]
[BlackElo "2580"]
[Opening "QGD: Ragozin variation"]
[ECO "D38"]
[NIC "NI.27"]
[Time "15:18:28"]
[TimeControl "3600+10"]

1. d4 Nf6 2. c4 e6 3. Nf3 d5 4. Nc3 Bb4 5. Qb3 a5 6. e3 O-O 7. Bd2 c6 8. a3
Bd6 9. Qc2 Nbd7 10. Rd1 Qe7 11. Be2 dxc4 12. Bxc4 e5 13. dxe5 Nxe5 14. Be2
Re8 15. Nd4 Bc7 16. h3 Ng6 17. Nf3 Qc5 18. O-O Bf5 19. Qc1 Qe7 20. Rfe1 Ne5
21. Nxe5 Qxe5 22. f4 Qe7 23. Bf3 Bb6 24. Kh1 Ne4 25. Nxe4 Bxe4 26. Bxe4 Qxe4
27. Bc3 Bxe3 28. Bd2 Bxd2 29. Qxd2 Qf5 30. Rxe8+ Rxe8 31. Qd8 Rf8 32. Qc7
Qb5 33. Rd8 g6 34. Rxf8+ Kxf8 35. Qd8+ Kg7 36. Qd4+ f6 37. Kh2 Qd5 38. Qb6
Qb5 39. Qc7+ Kh6 40. Qe7 Qxb2 41. Qf8+ Kh5 42. Qe7 Kh6 43. Qf8+ Kh5 44. Qe7
Kh6 45. Qf8+ Kh5 {Game drawn by repetition} 1/2-1/2

[Event "ICC tourney 1953 (60 10)"]
[Site "Internet Chess Club"]
[Date "2020.08.09"]
[Round "8"]
[White "musk6868"]
[Black "MichaelIC"]
[Result "1/2-1/2"]
[ICCResult "Game drawn by mutual agreement"]
[WhiteElo "2029"]
[BlackElo "2129"]
[Opening "French: Tarrasch, open variation"]
[ECO "C07"]
[NIC "FR.18"]
[Time "15:18:55"]
[TimeControl "3600+10"]

1. e4 e6 2. d4 d5 3. Nd2 c5 4. Ngf3 cxd4 5. exd5 Qxd5 6. Bc4 Qd6 7. O-O Nf6
8. Nb3 Nc6 9. Nbxd4 Nxd4 10. Nxd4 a6 11. Be2 Qc7 12. Bf3 Bd6 13. h3 h6 14.
Qe2 O-O 15. Nb3 Bd7 16. c4 Rac8 17. Nd2 Rfe8 18. b3 Be5 19. Rb1 Bd4 20. Ne4
Bc6 21. Nxf6+ Bxf6 22. Bxc6 Qxc6 23. Qg4 Kh7 24. Bb2 Bxb2 25. Rxb2 Rcd8 26.
Rd1 Rd7 27. Rd4 Red8 28. Rbd2 Rxd4 29. Rxd4 Rxd4 30. Qxd4 Qc7 31. c5 Kg8 32.
b4 Qc6 33. Qd8+ Kh7 34. Qd4 Kg8 35. Qd8+ Kh7 36. Qd4 f6 37. g3 e5 38. Qd3+
e4 39. Qd6 Qa4 40. Qd5 Qxb4 41. Qf5+ Kg8 {Game drawn by mutual agreement}
1/2-1/2

[Event "ICC tourney 1953 (60 10)"]
[Site "Internet Chess Club"]
[Date "2020.08.09"]
[Round "8"]
[White "sahilmd"]
[Black "helavir"]
[Result "1-0"]
[ICCResult "Black forfeits on time"]
[WhiteElo "2442"]
[BlackElo "2616"]
[Opening "Queen's gambit declined"]
[ECO "D30"]
[NIC "QP.08"]
[Time "15:18:55"]
[TimeControl "3600+10"]

1. d4 d5 2. c4 e6 3. Nf3 Nf6 4. g3 dxc4 5. Qa4+ c6 6. Qxc4 b5 7. Qc2 Bb7 8.
Bg2 Nbd7 9. O-O Rc8 10. a4 Be7 11. Rd1 O-O 12. Ne5 Nd5 13. Nc3 Nxe5 14. dxe5
b4 15. Ne4 c5 16. Nd2 Qc7 17. Nc4 Rfd8 18. b3 Ba6 19. Bb2 Nb6 20. Nxb6 Qxb6
21. Be4 c4 22. Rxd8+ Rxd8 23. bxc4 Bc5 24. Kg2 b3 25. a5 Qb4 26. Qc3 Qxc3
27. Bxc3 Bxc4 28. Rb1 Rb8 29. Kf1 Kf8 30. Ke1 Ke7 31. f4 Ba3 32. Bd3 Bxd3
33. exd3 Kd7 34. Kd2 Kc6 35. Bb2 Bb4+ 36. Bc3 Bxc3+ 37. Kxc3 b2 38. g4
{Black forfeits on time}
1-0

[Event "ICC tourney 1953 (60 10)"]
[Site "Internet Chess Club"]
[Date "2020.08.09"]
[Round "8"]
[White "espark"]
[Black "sathviks"]
[Result "1/2-1/2"]
[ICCResult "Game drawn by mutual agreement"]
[WhiteElo "2300"]
[BlackElo "2205"]
[Opening "Scandinavian defense"]
[ECO "B01"]
[NIC "SD.01"]
[Time "15:19:23"]
[TimeControl "3600+10"]

1. e4 d5 2. exd5 Qxd5 3. Nc3 Qa5 4. d4 Nf6 5. Nf3 Bf5 6. Ne5 c6 7. Bd2 Nbd7
8. g4 Be6 9. Nxd7 Bxd7 10. g5 Nd5 11. Ne4 Qc7 12. c4 Nf4 13. Qf3 Ne6 14. Qe3
c5 15. dxc5 O-O-O 16. O-O-O g6 17. Bc3 Bg7 18. Bxg7 Nxg7 19. Qg3 Nf5 20.
Qxc7+ Kxc7 21. Bh3 Bc6 22. Rhe1 Rxd1+ 23. Kxd1 Nd4 24. Nc3 e6 25. f4 h6 26.
Bg4 hxg5 27. fxg5 Rxh2 28. Rf1 Nf5 29. Bxf5 gxf5 30. b4 a6 31. a4 Rh4 32.
Kc2 Rxc4 33. Kb3 Rg4 34. b5 Bd7 35. Rh1 Rxg5 36. Rh7 f4 37. Rxf7 Rxc5 38.
bxa6 bxa6 39. Rxf4 Kb6 40. Rb4+ Kc6 41. Rc4 Rxc4 42. Kxc4 e5 43. Ne4 Bf5 44.
Ng3 Bg6 45. a5 Bf7+ 46. Kb4 Kd5 47. Ne2 Ke4 48. Nc3+ Kd3 49. Na4 Kd4 50. Nc5
Bc4 51. Nb7 Kd5 52. Nc5 Bb5 53. Nb3 {Game drawn by mutual agreement} 1/2-1/2

[Event "ICC tourney 1953 (60 10)"]
[Site "Internet Chess Club"]
[Date "2020.08.09"]
[Round "8"]
[White "Oligarkh"]
[Black "Yoes"]
[Result "1/2-1/2"]
[ICCResult "Game drawn by repetition"]
[WhiteElo "2652"]
[BlackElo "2716"]
[Opening "Two knights defense"]
[ECO "C58"]
[NIC "KP.01"]
[Time "15:18:53"]
[TimeControl "3600+10"]

1. e4 e5 2. Nf3 Nc6 3. Bc4 Nf6 4. Ng5 d5 5. exd5 Na5 6. Bb5+ Bd7 7. Be2 h6
8. Nf3 e4 9. Ne5 Nxd5 10. Nxd7 Qxd7 11. Bg4 Qb5 12. Nc3 Nxc3 13. dxc3 Bd6
14. Qe2 Qe5 15. Be3 Nc6 16. O-O-O h5 17. Bh3 f5 18. f4 exf3 19. Qxf3 g6 20.
Rhe1 O-O 21. Bh6 Qxh2 22. Re6 Kh7 23. Bg5 Ne5 24. Qxb7 Nf7 25. Be7 Bxe7 26.
Rxe7 Qf4+ 27. Kb1 Rad8 28. Rc1 Kh6 29. Rxc7 Rfe8 30. b3 Ng5 31. Qxa7 Ra8 32.
Qb6 Rxa2 33. Kxa2 Qxc1 34. Bxf5 Ra8+ 35. Ra7 Rxa7+ 36. Qxa7 gxf5 37. Qb6+
Kg7 38. Qd4+ Kf7 39. Qd5+ Kf6 40. Qd4+ Ke6 41. Qc4+ Ke7 42. Qc5+ Ke6 43.
Qc4+ Kf6 44. Qd4+ Kg6 45. Qd6+ Kf7 46. Qd5+ Kf6 47. Qd4+ Ke6 48. Qc4+ Kf6
49. Qd4+ {Game drawn by repetition} 1/2-1/2

[Event "ICC tourney 1953 (60 10)"]
[Site "Internet Chess Club"]
[Date "2020.08.09"]
[Round "8"]
[White "PrudentPatzer"]
[Black "Giantsmaster"]
[Result "0-1"]
[ICCResult "White resigns"]
[WhiteElo "2068"]
[BlackElo "2105"]
[Opening "Catalan: closed"]
[ECO "E01"]
[NIC "CA.01"]
[Time "15:18:53"]
[TimeControl "3600+10"]

1. d4 Nf6 2. c4 e6 3. g3 d5 4. Bg2 c5 5. cxd5 cxd4 6. Qa4+ Bd7 7. Qxd4 exd5
8. Nf3 Nc6 9. Qd1 Bb4+ 10. Bd2 Bxd2+ 11. Nbxd2 O-O 12. O-O Qb6 13. Qb3 Qxb3
14. Nxb3 Rfe8 15. e3 Bf5 16. Nbd4 Nxd4 17. Nxd4 Be4 18. Bh3 g5 19. Rfc1 g4
20. Bf1 Rac8 21. Nb5 Red8 22. b4 Nd7 23. Be2 a6 24. Nd6 Rxc1+ 25. Rxc1 Ne5
26. Nxb7 Rb8 27. Rc7 Nf3+ 28. Kf1 d4 29. Bxa6 Nxh2+ 30. Ke2 d3+ 31. Kd1 Nf1
32. Bxd3 Bxd3 33. Rd7 Bb5 34. Rd8+ Rxd8+ 35. Nxd8 Nh2 36. Nb7 Nf3 37. Nc5
Ne5 38. a4 Bf1 39. Kc2 Kf8 40. a5 Ke7 41. Kc3 h5 42. Nb3 Kd6 43. Nd4 Kd5 44.
b5 Kc5 45. a6 Kb6 46. Kb4 Nf3 47. Nc6 Bxb5 48. Nd8 Ne5 49. a7 Bc6 50. Kc3
Kxa7 51. Kd4 Nf3+ 52. Kc5 Be8 53. Kd6 Ng5 54. Ke7 Bb5 55. Kf6 Ne4+ 56. Ke5
Nxf2 57. Nxf7 h4 58. gxh4 g3 59. Ng5 Be2 60. Kf4 g2 61. Nf3 Bxf3 {White
resigns} 0-1

[Event "ICC tourney 1953 (60 10)"]
[Site "Internet Chess Club"]
[Date "2020.08.09"]
[Round "8"]
[White "milindm"]
[Black "RajeshCS"]
[Result "1-0"]
[ICCResult "Black resigns"]
[WhiteElo "2224"]
[BlackElo "2278"]
[Opening "QGD: exchange, positional line"]
[ECO "D35"]
[NIC "QO.16"]
[Time "15:18:27"]
[TimeControl "3600+10"]

1. d4 Nf6 2. c4 e6 3. Nc3 d5 4. cxd5 exd5 5. Bg5 Be7 6. Qc2 h6 7. Bh4 c6 8.
e3 O-O 9. Bd3 Re8 10. Nge2 Ne4 11. Bxe7 Qxe7 12. O-O Nd7 13. Rae1 Nf8 14. f3
Nxc3 15. Nxc3 Qf6 16. Qf2 Ne6 17. Bb1 Bd7 18. Qc2 g6 19. Qb3 Rab8 20. Qa3 a6
21. Na4 b5 22. Nc5 Nxc5 23. Qxc5 Qe7 24. Qc3 b4 25. Qb3 Qd6 26. Rc1 Rb5 27.
Rfd1 Be6 28. Bd3 Ra5 29. Qc2 Bd7 30. e4 dxe4 31. Bxe4 Rxa2 32. d5 cxd5 33.
Bxd5 Qb6+ 34. Kh1 Ba4 35. Qc4 Bxd1 36. Bxf7+ Kh8 37. Bxe8 Rxb2 38. Rxd1 Qd8
39. Qc1 Qf6 40. Qxh6+ Kg8 41. Bxg6 Ra2 42. Qh7+ Kf8 43. Rd8+ {Black resigns}
1-0

[Event "ICC tourney 1953 (60 10)"]
[Site "Internet Chess Club"]
[Date "2020.08.09"]
[Round "8"]
[White "PawnEatingZombi"]
[Black "ChessDex"]
[Result "1-0"]
[ICCResult "Black checkmated"]
[WhiteElo "2230"]
[BlackElo "2255"]
[Opening "QGD Slav defense"]
[ECO "D10"]
[NIC "SL.01"]
[Time "15:18:47"]
[TimeControl "3600+10"]

1. d4 d5 2. c4 c6 3. Nc3 Nf6 4. e3 Bf5 5. cxd5 cxd5 6. Qb3 Nc6 7. Qxb7 Bd7
8. Qb3 Rb8 9. Qd1 e5 10. dxe5 Nxe5 11. Nge2 Bd6 12. Nf4 O-O 13. Be2 Bc6 14.
O-O Re8 15. b3 Qc7 16. h3 d4 17. exd4 Ng6 18. Nxg6 Bxg2 19. Kxg2 Qxc3 20.
Bf4 hxg6 21. Bxd6 Qc6+ 22. Bf3 Qxd6 23. Qd3 Nd5 24. Bxd5 Qxd5+ 25. Qf3 Qxd4
26. Rad1 Qh4 27. Rd7 Re7 28. Rfd1 Rb5 29. R1d4 Qg5+ 30. Qg4 Rxd7 31. Rxd7
Qf6 32. Qd4 Rg5+ 33. Kh2 Qc6 34. Rd8+ Kh7 35. Qh4+ Rh5 36. Qg3 Qe4 37. Qb8
g5 38. Rh8+ Kg6 39. Rxh5 Kxh5 40. Qxa7 Qf4+ 41. Kg1 Qf5 42. Qb7 Qb1+ 43. Kg2
Qxa2 44. Qxf7+ Kh6 45. Qe6+ Kh5 46. Qe8+ Kh6 47. Qc6+ Kh5 48. b4 g6 49. b5
Qa4 50. Qf3+ Kh6 51. b6 Qb5 52. b7 Qb6 53. Qf8+ Kh5 54. Qh8# {Black
checkmated} 1-0

[Event "ICC tourney 1953 (60 10)"]
[Site "Internet Chess Club"]
[Date "2020.08.09"]
[Round "8"]
[White "rychessmaster1"]
[Black "JosephLevine"]
[Result "1/2-1/2"]
[ICCResult "Game drawn by mutual agreement"]
[WhiteElo "2136"]
[BlackElo "2178"]
[Opening "Queen's pawn: Chigorin variation"]
[ECO "D00"]
[NIC "QP.08"]
[Time "15:18:49"]
[TimeControl "3600+10"]

1. d4 d5 2. Nc3 Nf6 3. Bf4 e6 4. Nb5 Bd6 5. Nxd6+ cxd6 6. e3 Nc6 7. Nf3 O-O
8. h3 Re8 9. c3 h6 10. Be2 e5 11. Bh2 Bf5 12. Qb3 Qe7 13. O-O a6 14. Rfd1
Rab8 15. a4 Rbc8 16. Qb6 Kf8 17. Rac1 Rc7 18. c4 dxc4 19. dxe5 dxe5 20. Rxc4
Rd7 21. Rxd7 Qxd7 22. Qc5+ Kg8 23. Nxe5 Qd2 24. Nxc6 Qxe2 25. Rc1 Qd2 26.
Nd4 Rc8 27. Bc7 Nd5 28. Rf1 Bd3 29. Qxd5 Bxf1 30. Qxb7 Re8 31. Qc6 Rc8 32.
Qd7 Rf8 33. Bd6 Qe1 34. Nf3 Qd1 35. Kh2 Bc4 36. Ne5 Be6 37. Qc6 Rd8 38. Be7
Rc8 39. Qxa6 Qc2 40. Bh4 Qxb2 41. Nc6 Re8 42. Qb5 Qxb5 43. axb5 Bd7 44. Bg3
Re6 45. Nd4 Rb6 46. Bc7 Rxb5 47. Nxb5 {Game drawn by mutual agreement}
1/2-1/2

[Event "ICC tourney 1953 (60 10)"]
[Site "Internet Chess Club"]
[Date "2020.08.09"]
[Round "8"]
[White "olomi007"]
[Black "Mookmookarmy"]
[Result "1/2-1/2"]
[ICCResult "Game drawn by repetition"]
[WhiteElo "2627"]
[BlackElo "2266"]
[Opening "French: Tarrasch, open variation"]
[ECO "C07"]
[NIC "FR.19"]
[Time "15:19:23"]
[TimeControl "3600+10"]

1. e4 e6 2. d4 d5 3. Nd2 c5 4. exd5 Qxd5 5. Ngf3 cxd4 6. Bc4 Qd6 7. O-O Nf6
8. Nb3 Nc6 9. Nbxd4 Nxd4 10. Nxd4 a6 11. Re1 Qc7 12. Bd3 Bd6 13. h3 O-O 14.
Bg5 Qc5 15. Bxf6 gxf6 16. Nb3 Qg5 17. Bxh7+ Kxh7 18. Qxd6 Rg8 19. g3 e5 20.
Nc5 Rg6 21. Qf8 Rg8 22. Qe7 Kg7 23. h4 Qg6 24. c4 b6 25. Ne4 Bf5 26. Nd6 Bg4
27. Re4 Be6 28. Rd1 Rad8 29. Ree1 Kh7 30. Qb7 Qh5 31. Qe4+ Kh8 32. b4 Rb8
33. Rd2 Rg4 34. Qe3 Rbg8 35. Kf1 Bxc4+ 36. Nxc4 Rxc4 37. Rd6 Rg6 38. Rd8+
Kg7 39. Qd3 Qg4 40. Kg2 Rf4 41. Re3 f5 42. Qc3 Re4 43. Qc8 Rxe3 44. Rg8+ Kh7
45. Rh8+ Kg7 46. Rg8+ Kh7 47. Rh8+ Kg7 48. Rg8+ Kh7 49. Rh8+ Kg7 50. Rg8+
{Game drawn by repetition}
1/2-1/2

[Event "ICC tourney 1953 (60 10)"]
[Site "Internet Chess Club"]
[Date "2020.08.09"]
[Round "8"]
[White "AZTAC"]
[Black "lmperatorX"]
[Result "1/2-1/2"]
[ICCResult "Game drawn by mutual agreement"]
[WhiteElo "2190"]
[BlackElo "2121"]
[Opening "Catalan: closed, 5.Nf3"]
[ECO "E06"]
[NIC "CA.04"]
[Time "15:18:49"]
[TimeControl "3600+10"]

1. d4 d5 2. c4 e6 3. Nf3 Nf6 4. g3 Be7 5. Bg2 O-O 6. O-O c6 7. Qc2 b6 8. Rd1
Nbd7 9. Ne5 Nxe5 10. dxe5 Nd7 11. cxd5 cxd5 12. e4 d4 13. Rxd4 Qe8 14. Qc7
Nc5 15. Rc4 Ba6 16. Rc2 Rc8 17. Qxa7 Nb3 18. axb3 Rxc2 19. Nc3 Bd3 20. Qxb6
Qa8 21. Rxa8 Rxc1+ 22. Bf1 Rxa8 23. Qb7 Re8 24. Qd7 Bxf1 25. Qxe8+ Bf8 26.
Qd8 Bh3+ 27. Nd1 Bg4 28. Kg2 Rxd1 29. Qb8 Rd4 30. Qb5 Rxe4 31. f3 Rb4 32.
Qd3 Bf5 33. Qc3 h5 34. h3 h4 35. g4 Bg6 36. Kf2 Rb5 37. Ke3 Rc5 38. Qd4 Rc2
39. b4 Rc8 40. Qd7 Rc2 41. Qd4 Rc7 42. Qd8 Rb7 43. Qxh4 Rxb4 44. Qd8 Rxb2
45. h4 Rb3+ 46. Kf2 Rd3 47. Qb8 Ra3 48. h5 Bd3 49. g5 Ra2+ 50. Kg3 Bf5 51.
Qe8 Ra1 52. Kf2 Ra2+ {Game drawn by mutual agreement} 1/2-1/2

[Event "ICC tourney 1953 (60 10)"]
[Site "Internet Chess Club"]
[Date "2020.08.09"]
[Round "8"]
[White "tangent"]
[Black "savchess06"]
[Result "1-0"]
[ICCResult "Black resigns"]
[WhiteElo "2307"]
[BlackElo "2081"]
[Opening "Catalan: closed, 5.Nf3"]
[ECO "E08"]
[NIC "CA.04"]
[Time "15:18:39"]
[TimeControl "3600+10"]

1. d4 Nf6 2. c4 e6 3. g3 d5 4. Nf3 Be7 5. Bg2 O-O 6. O-O c6 7. Qc2 Nbd7 8.
Rd1 b6 9. Nc3 Bb7 10. e4 Rc8 11. b3 Ba8 12. Bf4 h6 13. e5 Ne8 14. cxd5 cxd5
15. Qd3 a6 16. Ne2 b5 17. g4 Nc7 18. Bg3 b4 19. Rac1 Nb5 20. h4 Re8 21. Rxc8
Qxc8 22. Rc1 Qd8 23. Kh2 Nf8 24. h5 Bb7 25. Nd2 Qd7 26. f4 Rc8 27. Rg1 Nc3
28. Nc1 Bc6 29. a4 Qb7 30. Bf1 Ra8 31. Be1 a5 32. g5 hxg5 33. fxg5 g6 34.
Qh3 gxh5 35. Qxh5 Ng6 36. Rg3 Ne4 37. Rg4 Kf8 38. Nd3 Ke8 39. Nxe4 dxe4 40.
Nf4 Kd7 41. Nxg6 fxg6 42. Qxg6 Rh8+ 43. Bh4 Qb6 44. Qg7 Re8 45. Bf2 Rf8 46.
Bh4 Qxd4 47. g6 Qc5 48. Bf6 Ke8 49. Bc4 Qf2+ 50. Rg2 Qf4+ 51. Kh3 Qf3+ 52.
Kh4 Qf4+ 53. Rg4 Qh2+ 54. Kg5 Qd2+ 55. Kh5 Qh2+ 56. Rh4 Bxf6 57. Qxf8+ Kxf8
58. Rxh2 Bxe5 59. Rf2+ Ke8 60. Kh6 e3 61. Rf1 Bg2 62. Bb5+ Ke7 63. Rf7+ Kd6
64. g7 e2 65. Bxe2 Bxg7+ 66. Rxg7 Bd5 67. Rg3 Kc5 68. Rd3 e5 69. Kg5 e4 70.
Re3 Kd4 71. Kf4 Bb7 72. Bf1 {Black resigns} 1-0

[Event "ICC tourney 1953 (60 10)"]
[Site "Internet Chess Club"]
[Date "2020.08.09"]
[Round "8"]
[White "speedskater"]
[Black "Enamul"]
[Result "1-0"]
[ICCResult "Black resigns"]
[WhiteElo "2648"]
[BlackElo "2447"]
[Opening "Benoni defense"]
[ECO "A61"]
[NIC "QI.01"]
[Time "15:18:47"]
[TimeControl "3600+10"]

1. d4 Nf6 2. c4 e6 3. Nf3 c5 4. d5 exd5 5. cxd5 d6 6. Nc3 g6 7. Bf4 Bg7 8.
Qa4+ Bd7 9. Qb3 Qc7 10. e4 O-O 11. Be2 b5 12. Bxb5 Nxe4 13. Nxe4 Qa5+ 14.
Nc3 Bxb5 15. O-O-O Bd7 16. Nd2 Na6 17. Nc4 Qd8 18. Bxd6 Qg5+ 19. Ne3 Rfe8
20. f4 Qd8 21. Nc4 Bf5 22. a3 Qd7 23. Qb5 Bxc3 24. Qxd7 Bxb2+ 25. Kxb2 Bxd7
26. Rhe1 f6 27. Kc3 Bg4 28. Rb1 Rxe1 29. Rxe1 Rd8 30. Re7 Rd7 31. Rxd7 Bxd7
32. Na5 Bb5 33. Nc6 Kf7 34. Nxa7 Bf1 35. g3 Bg2 36. Nc8 Bxd5 37. Bxc5 Ke6
38. Bd4 Bb7 39. Nb6 g5 40. fxg5 fxg5 41. Nc4 h5 42. Be3 Kf6 43. Kd4 Nc7 44.
Kc5 Ne6+ 45. Kd6 Ba6 46. Ne5 Bb5 47. Nc6 g4 48. Bd4+ Nxd4 49. Nxd4 Ba4 50.
Kd5 Kg5 51. Ke5 Bd1 52. Ne6+ Kg6 53. Nc5 Kg5 54. a4 h4 55. a5 hxg3 56. hxg3
Be2 57. a6 Bb5 58. a7 Bc6 59. Kd6 Ba8 60. Kc7 Kf5 61. Kb8 {Black resigns}
1-0